[Event "*** Titled Tuesday Blitz"]
[Site "Chess.com"]
[Date "2020.05.05"]
[Round "3"]
[White "Bacyanide"]
[Black "OK97"]
[Result "0-1"]
[WhiteElo "2428"]
[BlackElo "2716"]
[TimeControl "180+1"]
[EndTime "10:30:03 PDT"]
[Termination "OK97 won by resignation"]

1. d4 e6 2. Nf3 Nf6 3. Bf4 c5 4. e3 cxd4 5. exd4 b6 6. Nbd2 Be7 7. Bd3 Ba6 8. Bxa6 Nxa6 9. O-O O-O 10. h3 d6 11. a4 Nc7 12. Qe2 Qd7 13. c3 Rfe8 14.
Bh2 Bf8 15. Ne4 Nxe4 16. Qxe4 Rab8 17. Ng5 g6 18. Qh4 h6 19. Ne4 Qd8 20. Qg3 e5 21. dxe5 Rxe5 22. Qf3 Rf5 23. Qd3 Rd5 24.
Qe3 Bg7 25. Rad1 Rxd1 26. Rxd1 d5 27. Qg3 Na6 28. Nd6 Qf8 29. Rxd5 Rd8 30. Qd3 Nc5 31. Qb5 Kh7 32. a5 Ne6 33. axb6 axb6 34. Qxb6 Rb8 35.
Qa7 Rxb2 36. Bg3 Ng5 37. Qxf7 Nxf7 38. Nxf7 Qxf7 39. Rd6 Rb1+ 40. Kh2 Qf5 41. c4 h5 42. c5 Qe4 43. Rd7 h4 44. Bd6 Kg8 45. Be5 Bxe5+ 0-1

[Event "*** Titled Tuesday Blitz"]
[Site "Chess.com"]
[Date "2020.05.05"]
[Round "3"]
[White "grunbergmihai"]
[Black "Koksik_13"]
[Result "0-1"]
[WhiteElo "2382"]
[BlackElo "2597"]
[TimeControl "180+1"]
[EndTime "10:30:03 PDT"]
[Termination "Koksik_13 won by resignation"]

1. Nf3 d5 2. d4 e6 3. c4 a6 4. e3 dxc4 5. Bxc4 b5 6. Bb3 Bb7 7. O-O Nf6 8. a4 Nbd7 9. axb5 axb5 10.
Rxa8 Qxa8 11. Nc3 b4 12. Na4 Bd6 13. Ne1 O-O 14. f3 Rd8 15. Nd3 Ba6 16. Qc2 Rc8 17.
Rd1 c5 18. Naxc5 Bxd3 19. Qxd3 Bxc5 20. dxc5 Nxc5 21. Qc4 Nd5 22. e4 Nf6 23. Qxb4 h5 24. Bc4 h4 25. Be3 Ncd7 26. Bb5 Ne5 27. Bd4 Qb8 28. Qa5 h3 29. Be2 Nc6 30. Qb6 Nxd4 31. Qxd4 hxg2 32. Kxg2 Nh5 33. e5 g6 34. f4 Ng7 35.
Bd3 Qb3 36. Rd2 Nh5 37. Be2 Ng7 38. Bg4 Qa2 39. h3 Qb1 40. Be2 Nf5 41. Qd3 Qe1 42. Bg4 Nh4+ 43. Kh2 Rc1 44. Rd1 Qf2+ 0-1

[Event "*** Titled Tuesday Blitz"]
[Site "Chess.com"]
[Date "2020.05.05"]
[Round "3"]
[White "GM_LOADING"]
[Black "APOKALIPSA13"]
[Result "1/2-1/2"]
[WhiteElo "2529"]
[BlackElo "2248"]
[TimeControl "180+1"]
[EndTime "10:30:03 PDT"]
[Termination "Game drawn by repetition"]

1. e4 c6 2. d4 d5 3. e5 Bf5 4. Nf3 e6 5. Be2 Nd7 6. O-O c5 7. Na3 h5 8. c4 cxd4 9. Nb5 d3 10. Bxd3 Bxd3 11. Qxd3 Nc5 12. Qe2 a6 13. Bg5 f6 14.
exf6 gxf6 15. Nbd4 fxg5 16. Nxe6 Nxe6 17. Qxe6+ Qe7 18.
Qg6+ Kd7 19. Rad1 Nf6 20. Rfe1 Qg7 21. Qf5+ Kc7 22. Nxg5 Kb6 23. Re6+ Ka7 24. Rxf6 Be7 25. Rg6 Qf8 26. Qxd5 Rd8 27. Ne6 Rxd5 28. cxd5 Qf7 29. Rg7 Qf6 30. d6 Qxe6 31. Rxe7 Qg4 32. f3 Qc4 33.
Kh1 Rd8 34. d7 Qc6 35. b3 Qc5 36. Re2 Qc6 37. Red2 Qc7 38. Rd6 a5 39. R6d5 b6 40. h3 Ka6 41. R5d4 h4 42. f4 Qc2 43. R1d2 Qc1+ 44.
Kh2 Qc7 45. Rd6 Qc5 46. R6d5 Qe3 47. f5 Qg3+ 48. Kg1 Qe1+ 49. Kh2 Qg3+ 50. Kg1 Qe3+ 51.
Kf1 Qf4+ 52. Kg1 Qe3+ 53. Kh1 Qe1+ 54. Kh2 Qg3+ 1/2-1/2

[Event "*** Titled Tuesday Blitz"]
[Site "Chess.com"]
[Date "2020.05.05"]
[Round "3"]
[White "Biranidun"]
[Black "Stormeman100100"]
[Result "0-1"]
[WhiteElo "2713"]
[BlackElo "2539"]
[TimeControl "180+1"]
[EndTime "10:30:04 PDT"]
[Termination "Stormeman100100 won on time"]

1. e4 c5 2. Nf3 d6 3. d4 cxd4 4. Nxd4 Nf6 5. Nc3 a6 6. f3 e5 7. Nb3 Be7 8. Be3 O-O 9. Qd2 Be6 10. O-O-O Nbd7 11. g4 b5 12. g5 Nh5 13. Kb1 b4 14. Nd5 Bxd5 15. Qxd5 a5 16. Rg1 a4 17. Nd2 Nf4 18. Bxf4 exf4 19. Nc4 Nb6 20. Nxb6 Qxb6 21. Bc4 Ra5 22. Qd3 Rxg5 23. Rxg5 Bxg5 24. b3 axb3 25.
cxb3 Bf6 26. Qxd6 Qe3 27. Qd3 Qf2 28. Qe2 Qc5 29. Rd5 Qg1+ 30. Rd1 Qg5 31. Rd5 Qg1+ 32.
Qd1 Qxh2 33. e5 Bh4 34. Rd7 Qf2 35. Qd5 Qe1+ 36. Qd1 Qxe5 37. Rd5 Qe7 38. Rd4 Bf6 39. Re4 Qc5 40. Qd5 Qg1+ 41. Kc2 Qf2+ 42. Be2 Qb6 43. Qc4 Qb8 44. Kd1 Rc8 0-1

[Event "*** Titled Tuesday Blitz"]
[Site "Chess.com"]
[Date "2020.05.05"]
[Round "3"]
[White "DenLaz"]
[Black "Goala"]
[Result "1-0"]
[WhiteElo "2695"]
[BlackElo "2363"]
[TimeControl "180+1"]
[EndTime "10:30:04 PDT"]
[Termination "DenLaz won on time"]

1. d4 e6 2. e4 d5 3. Nd2 Nf6 4.
e5 Nfd7 5. Bd3 c5 6. c3 Nc6 7.
Ne2 cxd4 8. cxd4 f6 9. exf6 Nxf6 10. O-O Bd6 11. Nf3 Qc7 12. Bg5 O-O 13. Rc1 h6 14. Bh4 Nh5 15. Bg3 Nxg3 16. Nxg3 Qf7 17. Bb1 Bf4 18. Qd3 g5 19. Rce1 Bd7 20. a3 Rae8 21. Ne5 Nxe5 22. dxe5 Re7 23. Qd4 a6 24. Bd3 Rc8 25.
Ne2 Bd2 26. Rd1 Ba5 27. f4 g4 28. Ng3 Ree8 29. f5 exf5 30. Nxf5 Bxf5 31. Bxf5 Rc6 32.
Qxg4+ Qg7 33. Qxg7+ Kxg7 34. Bd7 Rxe5 35. Bxc6 bxc6 36.
b4 Bb6+ 37. Kh1 c5 38. bxc5 Bxc5 39. Rf3 d4 40. h3 a5 41. Rc1 Bd6 42. Rd3 Re4 43.
Rcd1 Bc5 44. Rc1 Bd6 45. Kg1 Kf6 46. Rc4 Ke5 47. Kf2 Kd5 48. Rc8 h5 49. Rc2 h4 50.
Re2 Bg3+ 51. Kf1 1-0

[Event "*** Titled Tuesday Blitz"]
[Site "Chess.com"]
[Date "2020.05.05"]
[Round "3"]
[White "ShahMatKanal"]
[Black "mirochka"]
[Result "1-0"]
[WhiteElo "2403"]
[BlackElo "2176"]
[TimeControl "180+1"]
[EndTime "10:30:04 PDT"]
[Termination "ShahMatKanal won on time"]

1. d4 Nf6 2. c4 e6 3. a3 d5 4. cxd5 exd5 5. Nc3 c6 6. Bg5 Bf5 7. e3 Be7 8. Bd3 Bg6 9. Nge2 O-O 10. O-O Nbd7 11.
Ng3 Bxd3 12. Qxd3 g6 13. Rae1 Re8 14. f3 Qb6 15. Na4 Qa5 16. Nc3 Rad8 17. Re2 b5 18.
Kh1 Qb6 19. b4 a5 20. Rb1 axb4 21. axb4 Ra8 22. e4 dxe4 23. fxe4 Ra3 24. Qd2 Qa6 25. h4 Nb6 26. e5 Nfd5 27. Nxd5 Nxd5 28. Bxe7 Rxe7 29. Ne4 Kg7 30. Nc5 Qa7 31. e6 f6 32.
h5 Qc7 33. Rf1 Qg3 34. Re4 Rd3 35.
Qxd3 Qg5 36. Qh3 f5 37. Re5 Nf6 38. h6+ Kg8 39. Nd7 Nxd7 40. exd7 Rxd7 41. Qb3+ Kf8 42. Rfe1 Rd8 43. Qe6 1-0

[Event "*** Titled Tuesday Blitz"]
[Site "Chess.com"]
[Date "2020.05.05"]
[Round "3"]
[White "Problematique_99"]
[Black "Gareth-Bale11"]
[Result "1-0"]
[WhiteElo "2558"]
[BlackElo "2741"]
[TimeControl "180+1"]
[EndTime "10:30:06 PDT"]
[Termination "Problematique_99 won by resignation"]

1. e4 e5 2. Nf3 Nc6 3. Bc4 Nf6 4. d3 h6 5. O-O d6 6. a4 g5 7. Nc3 Bg7 8. a5 a6 9. Nd5 Nxd5 10. Bxd5 Ne7 11.
Bb3 Ng6 12. c3 O-O 13. d4 Qf6 14. dxe5 dxe5 15. Nd2 Rd8 16. Qf3 Nf4 17. Nc4 Rd3 18. Ne3 h5 19. h3 Nxh3+ 20. Kh2 Nf4 21. g3 g4 22. Qh1 Nh3 23. Bc4 Rd8 24. Nd5 Rxd5 25. Bxd5 c6 26. Bc4 h4 27. gxh4 Qxh4 28. Kg2 Bf6 29. Qh2 Bd7 30. Qg3 Qh7 31. Rh1 Qxe4+ 32.
f3 Qxc4 33. Rxh3 Qe2+ 34. Kg1 Qd1+ 35. Kg2 Qxf3+ 36. Qxf3 gxf3+ 37. Rxf3 Be7 38. Be3 Be6 39. Kf2 f5 40. Rg1+ Kf7 41. Rh3 f4 42. Rh7+ Kf6 43. Rh6+ Kf5 44. Bb6 Bd5 45. Rh5+ Ke4 46. Re1+ Kd3 47.
Rexe5 Bd6 48. Rxd5+ cxd5 49. Rxd5+ Kc2 50. Rxd6 Kxb2 51.
c4 Kb3 52. c5 Re8 53. Kf3 Re1 54. Kxf4 1-0

[Event "*** Titled Tuesday Blitz"]
[Site "Chess.com"]
[Date "2020.05.05"]
[Round "3"]
[White "RaunakSadhwani2005"]
[Black "Hanging_pointer"]
[Result "1/2-1/2"]
[WhiteElo "2866"]
[BlackElo "2583"]
[TimeControl "180+1"]
[EndTime "10:30:06 PDT"]
[Termination "Game drawn by repetition"]

1. e4 c6 2. Nf3 d5 3. d3 dxe4 4.
dxe4 Qxd1+ 5. Kxd1 Bg4 6. Be2 Nf6 7. Nfd2 Bxe2+ 8. Kxe2 Nbd7 9. a4 a5 10. f3 e6 11. Nc4 Be7 12. Bd2 Bd8 13. Nc3 O-O 14. g4 Bc7 15. h4 Rfb8 16. Nd1 h5 17. g5 Nh7 18. Nf2 Nhf8 19. Nd3 Ng6 20. f4 b5 21. axb5 cxb5 22. Nxa5 Bb6 23. Nc6 Rxa1 24. Rxa1 Rc8 25. Ndb4 Kf8 26. Rh1 Nc5 27. Kf3 Na6 28. f5 Nxb4 29.
Bxb4+ Ke8 30. fxg6 Rxc6 31. gxf7+ Kxf7 32. c3 Rc8 33. Rd1 Rd8 34. Rxd8 Bxd8 35. Bc5 Bc7 36. Bf2 g6 37.
Bg3 Bb6 38. Ke2 Ke7 39. Bf2 Bc7 40. Kd3 Kd7 41. c4 Kc6 42. b4 Be5 43. Be1 Bd6 44.
Kd4 Bf4 45. Kd3 Be5 46. c5 Bf4 47. Ke2 Be5 48. Kf3 Kd7 49. Bd2 Kc6 50. Be1 Kd7 51. Ke3 Kc6 52. Kd3 Kd7 53. Ke2 Kc6 54.
Kf3 1/2-1/2

[Event "*** Titled Tuesday Blitz"]
[Site "Chess.com"]
[Date "2020.05.05"]
[Round "3"]
[White "kleinebeer98"]
[Black "elisak43"]
[Result "1-0"]
[WhiteElo "2684"]
[BlackElo "2425"]
[TimeControl "180+1"]
[EndTime "10:30:06 PDT"]
[Termination "kleinebeer98 won by checkmate"]

1. e4 e5 2. Nf3 Nc6 3. Nc3 Nf6 4.
a3 Be7 5. d4 exd4 6. Nxd4 O-O 7.
Bc4 d6 8. O-O Bd7 9. Bf4 Ne5 10.
Bb3 Ng6 11. Bg3 Ng4 12. Nf5 Bxf5 13. exf5 N6e5 14. Nd5 Nf6 15. Nxe7+ Qxe7 16. Bh4 Qd7 17. Bxf6 gxf6 18. f4 Nc6 19. c3 Rae8 20. Qh5 Re3 21. Rae1 Qe7 22. Rxe3 Qxe3+ 23. Kh1 Nd4 24. cxd4 Qxb3 25.
Qg4+ Kh8 26. Qh4 Kg7 27. h3 Qxb2 28. Rf3 Qb1+ 29. Kh2 Qxf5 30. Rg3+ Kh8 31. Re3 Rg8 32. Qf2 h6 33. Re7 c5 34. dxc5 dxc5 35. Rxf7 Rg7 36.
Rf8+ Kh7 37. Ra8 b6 38. Re8 h5 39. Qh4 Qg6 40. Re2 c4 41. f5 Qg5 42. Qxc4 h4 43.
Qe4 Qg3+ 44. Kh1 Kh6 45. Re3 Qf2 46. Re2 Qf1+ 47. Kh2 Qc1 48. Qxh4# 1-0

[Event "*** Titled Tuesday Blitz"]
[Site "Chess.com"]
[Date "2020.05.05"]
[Round "3"]
[White "TST2014"]
[Black "Jaka_Brilej"]
[Result "1/2-1/2"]
[WhiteElo "2558"]
[BlackElo "2365"]
[TimeControl "180+1"]
[EndTime "10:30:06 PDT"]
[Termination "Game drawn - insufficient material"]

1. d4 f5 2. c4 Nf6 3. Nf3 g6 4. g3 Bg7 5. Bg2 O-O 6. O-O d6 7. Nc3 c6 8. b3 Qa5 9. Qd2 e5 10.
dxe5 dxe5 11. e4 f4 12. Nd5 Qxd2 13. Nxf6+ Bxf6 14. Bxd2 g5 15. Bc3 g4 16. Nxe5 f3 17. Bh1 Re8 18. Rfd1 Nd7 19. Nxd7 Bxc3 20. Rac1 Bg7 21.
Nc5 b6 22. Nd3 Rxe4 23. Nf4 Bf5 24. h3 Rae8 25. hxg4 Bxg4 26. Rd3 Re1+ 27. Rxe1 Rxe1+ 28. Kh2 Re2 29. Nxe2 fxe2 30. Re3 Bd4 31. Re4 Bxf2 32. Rxg4+ Kf8 33. Rf4+ Kg7 34. Re4 e1=Q 35. Rxe1 Bxe1 36.
Bxc6 a5 37. Kh3 Bf2 38. g4 h6 39. Kg2 Bc5 40. Kf3 Bd4 41. Ke4 Bc5 42. Kd5 Bg1 43. Bd7 Bf2 44. Be8 Bg1 45. Kc6 Bf2 46. Kb5 Bg1 47. a3 Bf2 48. b4 axb4 49. axb4 Bg1 50. c5 bxc5 51. bxc5 Kf6 52. c6 Bh2 53. Kb6 Ke7 54. c7 Bxc7+ 55. Kxc7 Kxe8 56. Kd6 Kf7 57. Ke5 Kg6 58. Kf4 h5 59. g5 h4 60. Kg4 h3 61. Kxh3 Kxg5 1/2-1/2

[Event "*** Titled Tuesday Blitz"]
[Site "Chess.com"]
[Date "2020.05.05"]
[Round "3"]
[White "Anton_Demchenko"]
[Black "tioloko"]
[Result "1-0"]
[WhiteElo "2854"]
[BlackElo "2622"]
[TimeControl "180+1"]
[EndTime "10:30:07 PDT"]
[Termination "Anton_Demchenko won on time"]

1. d4 d5 2. Nf3 Nf6 3. Bf4 e6 4. e3 Bd6 5. Ne5 O-O 6. Nd2 Nbd7 7. c3 Qe7 8. Bd3 c5 9. Qf3 Ne8 10. Qg3 f5 11. h4 Ndf6 12. h5 Ne4 13. Bxe4 fxe4 14. h6 g6 15. f3 Bxe5 16. Bxe5 exf3 17. gxf3 Rf5 18. e4 Rf7 19. O-O-O b5 20. dxc5 Qxc5 21. Rhe1 Bd7 22. Nb3 Qe7 23. exd5 exd5 24. Bd4 Qf8 25. Qe5 Qxh6+ 26. Kb1 Bf5+ 27. Ka1 Nf6 28. Qd6 Raf8 29. Nc5 a5 30. Qb6 b4 31. cxb4 axb4 32. Qxb4 Qf4 33. Qc3 Nh5 34. Be5 Qh4 35. Rh1 Qf2 36. Rdf1 Qe2 37. Re1 Qb5 38. Bd4 Qc4 39.
Qd2 Ra8 40. b3 Qb5 41. a4 Ng3 42. Rhg1 Nh5 43. Kb2 Qc6 44. Rc1 1-0

[Event "*** Titled Tuesday Blitz"]
[Site "Chess.com"]
[Date "2020.05.05"]
[Round "3"]
[White "Jospem"]
[Black "asms9699"]
[Result "1-0"]
[WhiteElo "2851"]
[BlackElo "2618"]
[TimeControl "180+1"]
[EndTime "10:30:07 PDT"]
[Termination "Jospem won on time"]

1. c4 c6 2. Nf3 d5 3. g3 Nf6 4. Bg2 e6 5. O-O dxc4 6. a4 c5 7. Na3 Nc6 8. Nxc4 Be7 9. a5 O-O 10. d3 Bd7 11. Qb3 Qc8 12. Bf4 Nd5 13. Nd6 Qc7 14. Nb5 Qd8 15. Bd2 b6 16. a6 Ncb4 17.
Nc3 Rc8 18. Rfd1 Bc6 19. Ne5 Ba8 20. Nb5 Bf6 21. Nc4 Qd7 22. Ncd6 Rcd8 23. e4 Nc7 24. Bxb4 Nxb5 25. e5 Bxg2 26. Kxg2 Nxd6 27. Bc3 Qc6+ 28. Kg1 Bxe5 29. Bxe5 Nf5 30. Qc4 Nd4 31. Bxd4 Rxd4 32. Qc2 Rfd8 33. Ra3 g6 34. Rc3 h5 35. h4 Qb5 36.
Ra3 c4 37. Qc3 Rxd3 38. Rxd3 Rxd3 39. Qf6 Rxa3 40. bxa3 Qxa6 41. Qd8+ Kg7 42. Qd4+ Kh7 43. Qd7 Kg8 44. Qd8+ Kg7 45. Qd4+ Kh7 46. Qd7 Qxa3 47. Qxf7+ Kh8 48. Qxg6 1-0

[Event "*** Titled Tuesday Blitz"]
[Site "Chess.com"]
[Date "2020.05.05"]
[Round "3"]
[White "Man-Chuk"]
[Black "djano"]
[Result "1-0"]
[WhiteElo "2751"]
[BlackElo "2440"]
[TimeControl "180+1"]
[EndTime "10:30:07 PDT"]
[Termination "Man-Chuk won by resignation"]

1. c4 Nf6 2. Nc3 e5 3. Nf3 Nc6 4. e4 g6 5. d4 exd4 6. Nxd4 Bg7 7. Nxc6 bxc6 8. e5 Ng8 9. Bf4 Ne7 10. h4 Rb8 11. Qd2 h6 12. O-O-O c5 13. Ne4 Nc6 14.
Re1 O-O 15. Bxh6 Bxe5 16. Nc3 Qf6 17. h5 Ba6 18. Rxe5 Nxe5 19. Nd5 Qd6 20. Bxf8 Rxf8 21. hxg6 fxg6 22. Qh6 Rxf2 23. Qh8+ Kf7 24. Rh7+ Ke6 25.
Qe8+ Kf5 26. Rf7+ Nxf7 27. Qxf7+ Kg5 28. Qxf2 Qe5 29. Qe3+ Qxe3+ 30. Nxe3 c6 31. Kd2 Kf4 32. Bd3 g5 33. Ke2 g4 34. Kf2 g3+ 35. Ke2 d6 36.
Kd2 Bc8 37. Be2 Be6 38. Bf3 d5 39. cxd5 cxd5 40. Bxd5 Bd7 41. Bf3 Bb5 42. Nd5+ Ke5 43. Ke3 Bc4 44. Nc3 a5 45. a3 Be6 46. Ne4 c4 47.
Nxg3 c3 48. bxc3 1-0

[Event "*** Titled Tuesday Blitz"]
[Site "Chess.com"]
[Date "2020.05.05"]
[Round "3"]
[White "crackcubano"]
[Black "manmanlai1"]
[Result "0-1"]
[WhiteElo "2606"]
[BlackElo "2334"]
[TimeControl "180+1"]
[EndTime "10:30:07 PDT"]
[Termination "manmanlai1 won by checkmate"]

1. Nf3 d5 2. c4 e6 3. g3 Nf6 4. Bg2 Be7 5. O-O O-O 6. d4 c6 7.
Nc3 b6 8. Nd2 Bb7 9. e4 Nbd7 10.
e5 Ne8 11. cxd5 cxd5 12. f4 g6 13. g4 Ng7 14. Ne2 Ba6 15. Rf2 Bxe2 16. Qxe2 Rc8 17.
Nf1 Nb8 18. Be3 Nc6 19. Ng3 f5 20. gxf5 gxf5 21. Kh1 Kh8 22. Rg1 Nb4 23. a3 Rc2 24. Qf1 Rxf2 25. Qxf2 Nc6 26. Bf1 Na5 27. Qg2 Rg8 28.
Qh3 Nc4 29. Bc1 b5 30. Qh6 Qf8 31. Bd3 a5 32. Ne2 Qf7 33. Nc3 b4 34. axb4 axb4 35. Nb5 Nh5 36. Rxg8+ Kxg8 37. Nc7 Ng7 38. b3 Na3 39.
Be3 Bd8 40. Nb5 Nxb5 41. Bxb5 Qc7 42. Qh3 Qc3 43. Ba4 Qe1+ 44. Kg2 Qe2+ 45. Bf2 Bb6 46.
Qf3 Qd2 47. Qe3 Qc2 48. Kf3 Kf7 49. h4 Nh5 50. Bb5 Qd1+ 51. Be2 Qh1# 0-1

[Event "*** Titled Tuesday Blitz"]
[Site "Chess.com"]
[Date "2020.05.05"]
[Round "3"]
[White "Zkid"]
[Black "Nikolaj_6"]
[Result "1-0"]
[WhiteElo "2814"]
[BlackElo "2605"]
[TimeControl "180+1"]
[EndTime "10:30:08 PDT"]
[Termination "Zkid won by resignation"]

1. c4 e5 2. g3 Nf6 3. Bg2 d5 4. cxd5 Nxd5 5. Nc3 Nb6 6. Nf3 Nc6 7. Rb1 a5 8. O-O Be7 9. d3 O-O 10. a3 Re8 11.
Be3 Bf8 12. Na4 Nd5 13. Bd2 Bg4 14. Rc1 Nd4 15. e3 Nxf3+ 16. Bxf3 Bxf3 17. Qxf3 c6 18. Rfd1 Qf6 19. Qe4 Qe6 20. Nc5 Bxc5 21. Rxc5 a4 22. d4 exd4 23. Qxd4 f5 24. Bc3 Nxc3 25. Rxc3 Qe7 26.
Qc4+ Qf7 27. Rd7 Qxc4 28. Rxc4 Ra7 29. Rb4 Rb8 30. Rc7 Ra5 31. Rbxb7 Rxb7 32. Rxb7 Rc5 33.
h4 h5 34. Kf1 Kh7 35. Ke1 Rc2 36. Rb4 g6 37. Rxa4 Rxb2 38. Rf4 Ra2 39. a4 Kg7 40. Kd1 Kf6 41. Kc1 Ke5 42. Kb1 Re2 43. a5 Kd6 44. a6 Kc7 45. Rb4 Re1+ 46. Kb2 Re2+ 47. Kb3 Re1 48. Rb7+ Kd6 49. Rg7 Ra1 50. a7 Kd5 51. f3 c5 52. Kb2 Ra5 53. Kc2 Kc4 54.
e4 fxe4 55. fxe4 Kd4 56. Re7 c4 57. e5 Ra2+ 58. Kb1 Ra6 59. e6 c3 60. Rd7+ Kc4 61. e7 Rb6+ 62. Kc1 Ra6 63. e8=Q 1-0

[Event "*** Titled Tuesday Blitz"]
[Site "Chess.com"]
[Date "2020.05.05"]
[Round "3"]
[White "ErikRonka"]
[Black "RaphaeI"]
[Result "0-1"]
[WhiteElo "2407"]
[BlackElo "2641"]
[TimeControl "180+1"]
[EndTime "10:30:08 PDT"]
[Termination "RaphaeI won by resignation"]

1. e4 e5 2. Nf3 Nc6 3. Bb5 a6 4. Ba4 Nf6 5. O-O Be7 6. Re1 b5 7. Bb3 O-O 8. d3 d6 9. Bd2 Bg4 10. c3 Na5 11. Bc2 c5 12. h3 Be6 13. Bc1 Nc6 14.
d4 cxd4 15. cxd4 Nxd4 16. Nxd4 exd4 17. Qxd4 Rc8 18. Bb3 d5 19. e5 Ne4 20. Be3 f5 21.
Nc3 Nxc3 22. bxc3 Bc5 23. Qd3 Bxe3 24. Rxe3 f4 25. Ree1 f3 26. g3 Rc5 27. Re3 Qc7 28. Rxf3 Rxf3 29. Qxf3 Rxc3 30. Qf4 a5 31. Rd1 Rc5 32.
a4 b4 33. g4 h6 34. Qd4 Kh8 35. Qf4 Qe7 36. Qe3 Rc3 37. Rd3 Qc7 38. Qd4 Rxd3 39.
Qxd3 Qc3 40. Qxc3 bxc3 41. Kf1 d4 42. Bc2 Bc4+ 43. Ke1 d3 44. Bd1 c2 45. Kd2 cxd1=Q+ 46. Kxd1 g5 47. Kd2 Kg7 0-1

[Event "*** Titled Tuesday Blitz"]
[Site "Chess.com"]
[Date "2020.05.05"]
[Round "3"]
[White "TheCavemanChesss"]
[Black "Xeniya2005"]
[Result "0-1"]
[WhiteElo "2497"]
[BlackElo "2296"]
[TimeControl "180+1"]
[EndTime "10:30:08 PDT"]
[Termination "Xeniya2005 won by resignation"]

1. e4 c5 2. Nf3 Nc6 3. d4 cxd4 4.
Nxd4 Nf6 5. Nc3 e6 6. Ndb5 Bc5 7. Be3 Bxe3 8. Nd6+ Ke7 9. fxe3 a6 10. Qd2 Qc7 11.
O-O-O Rd8 12. Qf2 Kf8 13. Qf4 Qa5 14. Nc4 e5 15. Nxa5 exf4 16. Nxc6 bxc6 17. exf4 d6 18. Be2 Bg4 19. Rhe1 Bxe2 20. Rxe2 Ne8 21. g4 Ra7 22. g5 Re7 23. Red2 f6 24. h4 fxg5 25. hxg5 g6 26. Rh2 Rf7 27. Rh4 Rdd7 28. Ne2 Nc7 29. Nd4 c5 30. Nc6 Ne6 31. e5 d5 32. Rf1 Nxg5 33.
e6 Nxe6 34. Ne5 Rde7 35. Nxf7 Rxf7 36. Kd2 h5 37. Ke2 Rf5 38. c3 Ke7 39. Ke3 Kd6 40.
Rh2 g5 41. Rg1 Nxf4 42. Kd2 g4 43. Rf2 Ke5 44. Re1+ Kf6 45. Ref1 Kg5 46. Ke3 Re5+ 47. Kd2 Re4 48. b4 cxb4 49. cxb4 g3 50. Rf3 Kg4 51. Rb3 g2 52. Rg1 h4 53. a4 h3 54. b5 axb5 55. axb5 h2 0-1

[Event "*** Titled Tuesday Blitz"]
[Site "Chess.com"]
[Date "2020.05.05"]
[Round "3"]
[White "KrakenBeast"]
[Black "Blagorod"]
[Result "1-0"]
[WhiteElo "2338"]
[BlackElo "2130"]
[TimeControl "180+1"]
[EndTime "10:30:08 PDT"]
[Termination "KrakenBeast won by resignation"]

1. d4 d5 2. c4 Nc6 3. Nc3 dxc4 4.
Nf3 e6 5. e4 Nf6 6. Bxc4 Bb4 7.
e5 Nd5 8. Bd2 O-O 9. Nxd5 Bxd2+ 10. Qxd2 exd5 11. Bd3 h6 12. h3 Ne7 13. O-O Bf5 14. Rac1 c6 15. Rfe1 Bxd3 16. Qxd3 Qd7 17. Re2 Qf5 18. Qb3 Rab8 19. Rce1 Ng6 20. Qc2 Qh5 21.
Nd2 Nf4 22. Re3 Ne6 23. Qd3 Qh4 24. Nf3 Qh5 25. Qf1 Qg6 26. g3 Rfc8 27. Qd3 Qxd3 28. Rxd3 Kf8 29. b4 a6 30. Nd2 Ke7 31. Nb3 b6 32. Rc3 Rc7 33. a4 Kd7 34. f4 g6 35.
Kg2 h5 36. Kf3 Ng7 37. Rh1 Ne6 38. g4 h4 39. Rhc1 g5 40. f5 Ng7 41. a5 bxa5 42.
Nc5+ Kc8 43. bxa5 Ra8 44. Rb1 Ne8 45. Rb6 f6 46. Ne6 fxe5 47. dxe5 c5 48. Nxc7 Kxc7 49.
Rxc5+ Kd7 50. Rxd5+ Ke7 51. e6 Kf6 52. Rd7 Rd8 53.
Rxd8 1-0

[Event "*** Titled Tuesday Blitz"]
[Site "Chess.com"]
[Date "2020.05.05"]
[Round "3"]
[White "Bossche-CM"]
[Black "penguingm1"]
[Result "0-1"]
[WhiteElo "2455"]
[BlackElo "2818"]
[TimeControl "180+1"]
[EndTime "10:30:09 PDT"]
[Termination "penguingm1 won by resignation"]

1. e4 e5 2. Nf3 Nc6 3. Nc3 Nf6 4. d4 exd4 5. Nxd4 Bb4 6. Nxc6 bxc6 7. Bd3 d5 8. exd5 cxd5 9. O-O O-O 10. h3 c6 11.
Qf3 h6 12. Bf4 Bd6 13. Rfe1 Rb8 14. b3 Rb4 15. Ne2 Re8 16. c3 Rb7 17. Nd4 c5 18.
Nf5 Bxf5 19. Bxf5 Rbe7 20. Rxe7 Qxe7 21. Rd1 Bxf4 22. Qxf4 Qe2 23. Qd2 Qe5 24. Bc2 h5 25. Qd3 g6 26. Qf3 Kg7 27. g3 h4 28. g4 Rd8 29. Qe3 Qd6 30. Qg5 Qe7 31. Qe3 Qc7 32.
Qg5 d4 33. Qxh4 dxc3 34. g5 Nd5 35. Qh6+ Kg8 36. Bxg6 fxg6 37. Rxd5 Rxd5 38. Qxg6+ Kf8 39. Qf6+ Qf7 40. Qh8+ Ke7 41. Qxc3 Rxg5+ 42. Kf1 Rd5 43. Qa5 Qe6 44. Qxa7+ Qd7 45. Qb6 Rd1+ 46. Kg2 Qd5+ 47. Kg3 Rg1+ 48. Kf4 Qd4+ 49. Kf3 Qd3+ 50. Kf4 Qd2+ 51.
Kf3 Qd5+ 52. Kf4 Qd6+ 0-1

[Event "*** Titled Tuesday Blitz"]
[Site "Chess.com"]
[Date "2020.05.05"]
[Round "3"]
[White "PowerThinking2650"]
[Black "HouseOfDurin"]
[Result "1-0"]
[WhiteElo "2291"]
[BlackElo "1999"]
[TimeControl "180+1"]
[EndTime "10:30:10 PDT"]
[Termination "PowerThinking2650 won by resignation"]

1. e4 c5 2. Nf3 Nc6 3. d4 cxd4 4. Nxd4 e5 5. Nb5 d6 6. N1c3 a6 7. Na3 b5 8. Nd5 Nf6 9. Bg5 Be7 10. Bxf6 Bxf6 11. c3 O-O 12. Nc2 Bg5 13. h4 Bh6 14.
a4 Rb8 15. axb5 axb5 16. b4 Be6 17. Ra6 Ne7 18. Rxd6 Qe8 19. Nc7 Qc8 20. Nxb5 Rxb5 21. Bxb5 Qxc3+ 22. Kf1 Bb3 23. Rxh6 gxh6 24. Qg4+ Kh8 25.
Ne3 Qc1+ 26. Ke2 Qxh1 27. Qh5 Be6 28. Qxe5+ Kg8 29. Bd3 Ng6 30. Qf6 Qxh4 31. Qxh4 Nxh4 32. b5 Rb8 33. g3 Ng6 34. f4 Bd7 35. Nd5 Bxb5 36.
Nf6+ Kg7 37. e5 Bxd3+ 38. Kxd3 Rb3+ 39. Ke4 Rxg3 40. Nh5+ Kf8 41. Nxg3 Ke7 42. Nf5+ Ke6 43. Nxh6 f6 44. f5+ Ke7 45. fxg6 hxg6 46. Ng8+ Ke6 47. Nxf6 g5 48. Ng4 Ke7 49. Kf5 Kf7 50. Kxg5 Kg7 51. e6 Kf8 52. Kf6 Ke8 53. e7 Kd7 54. Kf7 Kd6 55. e8=Q Kc5 56. Qd7 1-0

[Event "*** Titled Tuesday Blitz"]
[Site "Chess.com"]
[Date "2020.05.05"]
[Round "3"]
[White "vladislavkovalev"]
[Black "artooon"]
[Result "1-0"]
[WhiteElo "2874"]
[BlackElo "2625"]
[TimeControl "180+1"]
[EndTime "10:30:11 PDT"]
[Termination "vladislavkovalev won by checkmate"]

1. e4 e5 2. Nf3 Nc6 3. Bb5 Nf6 4. O-O Nxe4 5. Re1 Nd6 6. Nxe5 Be7 7. Bf1 Nxe5 8.
Rxe5 O-O 9. d4 Bf6 10. Re1 Nf5 11. c3 d6 12. a4 Nh4 13. a5 a6 14. Bd3 Ng6 15. Nd2 d5 16. Nf3 h6 17. Qc2 Bg4 18. Ne5 Nxe5 19. dxe5 Re8 20. h3 Bd7 21. Bxh6 Bxe5 22.
Be3 Qh4 23. Bf1 Qe4 24. Qd2 Qg6 25. Qxd5 Bxh3 26. Bd4 c6 27. Qb3 Bd6 28. Re3 Rxe3 29. Bxe3 Be6 30. Qxb7 Rb8 31. Qxc6 Bh3 32. g3 Bxf1 33.
Rxf1 Be5 34. Qxg6 fxg6 35. Bb6 Kf8 36. Rd1 Ke7 37. Kf1 Bf6 38. Ke2 Ke6 39. Rd3 g5 40. b3 Rc8 41. c4 Be7 42. Re3+ Kf7 43. Kd3 Bb4 44. Re5 Kf6 45. Rd5 Ke6 46. Rxg5 Be7 47. Rd5 Bf6 48. b4 Rh8 49. Be3 Rh1 50. b5 axb5 51.
Rxb5 Rd1+ 52. Ke4 Ra1 53. Rb6+ Kf7 54. a6 Kg6 55. Rc6 Ra4 56. a7 Rxa7 57. Bxa7 Kf7 58.
Bd4 Be7 59. Rc7 Ke6 60. Rxe7+ Kxe7 61. Bxg7 Kf7 62. Be5 Ke6 63. f4 Kd7 64. g4 Kc6 65. g5 Kd7 66. Kd3 Ke7 67. f5 Kf7 68. Kd4 Ke7 69.
Kd5 Kf7 70. c5 Ke7 71. c6 Kd8 72. Kd6 Ke8 73. g6 Kd8 74. f6 Kc8 75. Ke6 Kd8 76.
g7 Kc8 77. g8=Q# 1-0

[Event "*** Titled Tuesday Blitz"]
[Site "Chess.com"]
[Date "2020.05.05"]
[Round "3"]
[White "spidernv"]
[Black "Shield12"]
[Result "1/2-1/2"]
[WhiteElo "2461"]
[BlackElo "2806"]
[TimeControl "180+1"]
[EndTime "10:30:11 PDT"]
[Termination "Game drawn by repetition"]

1. e4 e5 2. Nf3 Nc6 3. Bb5 a6 4. Ba4 Nf6 5. Nc3 b5 6. Bb3 Bc5 7. d3 d6 8. h3 h6 9. O-O O-O 10. Be3 Bxe3 11. fxe3 Ne7 12. a3 Ng6 13. d4 Qe7 14.
Nd5 Nxd5 15. Bxd5 Rb8 16. dxe5 Nxe5 17. Nxe5 Qxe5 18. Qd4 Qe7 19. Qa7 Be6 20. Bxe6 Qxe6 21. Rf4 Qe5 22. Qd4 Rbe8 23. Raf1 Re7 24. R1f3 g6 25.
Kf2 a5 26. Ke2 h5 27. g4 hxg4 28. Rxg4 c5 29. Qxe5 Rxe5 30. Rf6 Rd8 31. h4 Kg7 32. Rgf4 Rd7 33. Kf3 Re8 34. Kg4 Rh8 35. Rf2 Rh5 36. R6f4 Re5 37. Rd2 d5 38. exd5 Rdxd5 39. Rxd5 Rxd5 40.
Rf2 Re5 41. Kf4 Rf5+ 42. Kg3 Rxf2 43. Kxf2 Kf6 44. Kf3 Ke5 45. c3 Kf5 46. e4+ Ke5 47. Ke3 f6 48. Kf3 a4 49. Ke3 f5 50. exf5 Kxf5 51.
Kf3 Ke5 52. Kg4 Kf6 53. Kf4 Ke6 54. Kg5 Kf7 55. Kf4 Kf6 56. Ke4 Ke6 57. Kf4 Kf6 58. Kg4 Ke6 59. Kg5 Kf7 60. Kf4 Kf6 1/2-1/2